 Dungeon Crawl Stone Soup version 0.28.0-49-g6dfe1f597d (webtiles) character file.

Game seed: 1160532117934493636

46 101zpm the Sneak (level 3, -2/28 HPs)
             Began as a Naga Fire Elementalist on May 18, 2022.
             Killed by nerve-wracking pain
             ... invoked by Jessica
              (8 damage)
             ... on level 2 of the Dungeon.
             The game lasted 00:01:36 (1762 turns).

101zpm the Sneak (Naga Fire Elementalist)           Turns: 1762, Time: 00:01:37

Health: -2/28      AC:  0    Str: 10    XL:     3   Next: 66%
Magic:  6/6        EV: 19    Int: 17    God:
Gold:   34         SH:  0    Dex: 16    Spells: 5/6 levels left

rFire   . . .      SeeInvis +   (weapon currently unavailable)
rCold   . . .      Faith    .   (shield currently unavailable)
rNeg    . . .      Spirit   .   (armour currently unavailable)
rPois   .          Reflect  .   (helmet currently unavailable)
rElec   .          Harm     .   (cloak currently unavailable)
rCorr   .          Rampage  .   (gloves currently unavailable)
Will    .....                   (no barding)
Stlth   +++.......              (no amulet)
HPRegen 0.09/turn               (ring currently unavailable)
MPRegen 0.10/turn               (ring currently unavailable)

@: bat-form (expiring), flying, very quick
A: fast, flying, no casting, AC +1, tiny, see invisible, (deformed body),
(poison resistance), (slowness 2), spit poison 1, (naga tail 1)
a: Spit Poison


You were on level 2 of the Dungeon.
You were a bat.
You visited 1 branch of the dungeon, and saw 2 of its levels.

You collected 34 gold pieces.

Inventory:

Hand Weapons
 b - a +0 spear (melded)
Armour
 a - a +0 robe (melded)
Scrolls
 d - 2 scrolls of teleportation {unknown}
 e - a scroll of fear {unknown}
 g - 2 scrolls of identify {unknown}
Potions
 c - a potion of lignification {unknown}
 f - a potion of might {unknown}


   Skills:
 + Level 0.2 Fighting
 + Level 0.9 Polearms
 + Level 1.9 Dodging
 + Level 4.1 Stealth
 + Level 2.1 Spellcasting
 + Level 1.0 Conjurations
 + Level 3.5 Fire Magic


You had 5 spell levels left.
You knew the following spells:

 Your Spells              Type           Power      Damage    Failure   Level
a - Foxfire               Conj/Fire      36%        2x1d5     8%          1

Your spell library contained the following spells:

 Spells                   Type           Power      Damage    Failure   Level
 Scorch                   Fire           26%        2d6       7%          2
 Conjure Flame            Conj/Fire      9%         6-21      22%         3
 Inner Flame              Hex/Fire       7%         N/A       28%         3
 Flame Wave               Conj/Fire      9%         2d5       58%         4


Dungeon Overview and Level Annotations

Branches:
Dungeon (2/15)

Altars:

Annotations:
D:2 Jessica


Innate Abilities, Weirdness & Mutations

You are a bat.
You are tiny and dextrous.
You move quickly.
You are flying.
Your equipment is almost entirely melded.
You are incapable of wielding weapons or throwing items.
You cannot cast spells.
((Your serpentine skin is tough. (AC +1)))
You have supernaturally acute eyesight. (SInv)
((Armour fits poorly on your strangely shaped body.))
((Your system is resistant to poisons. (rPois)))
((You cover ground very slowly.))
You can spit poison.
((You have a snake-like lower body.))


Message History

Jessica is moderately wounded.
Jessica closely misses you.
You hit Jessica but do no damage.
Jessica is moderately wounded.
Jessica mumbles some strange words.
Jessica blinks!
Jessica closely misses you.
You barely miss Jessica.
Jessica is moderately wounded.
Jessica misses you.
You barely miss Jessica.
Jessica is moderately wounded.
Jessica mumbles some strange words.
Jessica blinks!
No target in view!
Your transformation is almost over.
You hit Jessica but do no damage.
Jessica is moderately wounded.
Jessica closely misses you.
You hit Jessica.
Jessica is heavily wounded.
Jessica completely misses you. Jessica casts a spell at you.
Pain shoots through your body!
You hit Jessica but do no damage.
Jessica is heavily wounded.
Jessica casts a spell at you. Pain shoots through your body!
Ouch! That really hurt!
* * * LOW HITPOINT WARNING * * *
You are too injured to fight recklessly!
You are too injured to fight recklessly!
You are too injured to fight recklessly!
You are too injured to fight recklessly!
You are too injured to fight recklessly!
You are too injured to fight recklessly!
You are too injured to fight recklessly!
You are too injured to fight recklessly!
Jessica points at you and mumbles some strange words.
Pain shoots through your body!
You die...

#...............†...........
####.#######.......#########
#.# ### #.......# #.# ..#
#.......# #.#...# #.......#
##.#...###########
#.........# #..#...##.#
#..######b# #..######.#
#........@#.####
#.####....#..@.# #.# #....#
#.# #.# #....####.#
###.####......@..#
#..........#######
#.#........#


You could see Jessica (fast).

Vanquished Creatures
  An adder (D:2)
  2 bats (D:1)
  An endoplasm (D:1)
  2 giant cockroaches (D:1)
  4 goblins
  4 hobgoblins (D:1)
  A quokka (D:1)
  6 ball pythons
  12 frilled lizards
  2 kobolds
  3 rats
38 creatures vanquished.

Vanquished Creatures (others)
  6 plants (D:1)
6 creatures vanquished.

Grand Total: 44 creatures vanquished

Notes
Turn   | Place    | Note
-------+----------+-------------------------------------------
     0 | D:1      | 101zpm the Naga Fire Elementalist began the quest for the
                  | Orb.
     0 | D:1      | Reached XP level 1. HP: 15/15 MP: 3/3
   101 | D:1      | Reached XP level 2. HP: 22/22 MP: 5/5
   754 | D:1      | Reached XP level 3. HP: 26/28 MP: 6/6
  1534 | D:2      | Reached skill level 4 in Stealth
  1734 | D:2      | Noticed Jessica
  1762 | D:2      | Killed from afar by Jessica

Illustrated notes

Levels and vault maps discovered:
D:1:      tarquinn_simple_flora_water_f, layout_loops_ring, st_stairs_9,
          minmay_lizard_king
D:2:      layout_basic, minivault_24, uniq_jessica

Skill      XL: |  1  2  3 |
---------------+----------+-----
Stealth        | 4 |  4.1
Fighting       | |  0.2
Polearms       | |  0.9
Dodging        | |  1.9
Spellcasting   | |  2.1
Conjurations   | |  1.0
Fire Magic     | |  3.5

Action                   || total
-------------------------++-------
Melee: Spear             ||   105
       Unarmed           ||    10
 Stab: Sleeping          ||    15
       Distracted        ||     1
Armor: Robe              ||    15
Dodge: Dodged            ||    32
